 Dungeon Crawl Stone Soup version 0.18.1-48-g4cf74bf (webtiles) character file.

1257 dearth the Cleaver (level 8, -1/71 HPs)
             Began as a Hill Orc Fighter on Aug 4, 2016.
             Killed by divine providence
             ... invoked by an orc priest
              (12 damage)
             ... on level 7 of the Dungeon.
             The game lasted 00:15:26 (5095 turns).

dearth the Cleaver (Hill Orc Fighter)               Turns: 5095, Time: 00:15:27

Health: -1/71      AC:  8    Str: 21    XL:     8   Next: 51%
Magic:  8/8        EV:  8    Int:  8    God:
Gold:   141        SH: 11    Dex: 10    Spells: 0 memorised, 7 levels left

rFire  + . .     SeeInvis .     v - +1 war axe
rCold  . . .     Gourm    .     b - +0 scale mail
rNeg   . . .     Faith    .     c - +1 shield
rPois  +         Spirit   .     (no helmet)
rElec  .         Dismiss  .     (no cloak)
rCorr  .         Reflect  .     (no gloves)
SustAt .         Harm     .     s - +0 pair of boots {Fly}
MR     .....                    (no amulet)
Stlth  ..........               u - ring of poison resistance
                                q - ring of protection from fire

@: flying, not resistant to hostile enchantments, extremely unstealthy
A: no striking features
a: Convert to Beogh, Stop Flying


You were on level 7 of the Dungeon.
You were not hungry.

You visited 1 branch of the dungeon, and saw 7 of its levels.

You collected 302 gold pieces.
You spent 161 gold pieces at shops.

Inventory:

Hand Weapons
 v - a +1 war axe (weapon)
Armour
 b - a +0 scale mail (worn)
 c - a +1 shield (worn)
 s - a +0 pair of boots of flying (worn)
Jewellery
 q - a ring of protection from fire (left hand)
 u - a ring of poison resistance (right hand)
 x - a cursed ring of teleportation {unknown}
Scrolls
 e - a scroll of magic mapping {unknown}
 k - 2 scrolls of enchant weapon
 n - a scroll of fog
 o - 5 scrolls of identify
 p - a scroll of enchant armour
 y - 2 scrolls of remove curse {unknown}
Potions
 a - a potion of cure mutation {unknown}
 d - 6 potions of might
 i - 4 potions of flight {unknown}
 j - 7 potions of curing
 l - a potion of magic {unknown}
 m - 2 potions of heal wounds {unknown}
 r - a potion of brilliance {unknown}
 w - a potion of resistance {unknown}
 A - a potion of mutation {unknown}
Comestibles
 f - 6 bread rations
 g - 2 slices of pizza
 h - a fruit
 t - 3 meat rations


   Skills:
 + Level 6.5 Fighting
 * Level 8.8 Axes
 + Level 5.7 Armour
 + Level 5.8 Shields


You had 7 spell levels left.
You didn't know any spells.

Dungeon Overview and Level Annotations

Branches:
Dungeon (7/15)
 Temple: D:4-7

Altars:

Shops:
D:4 [   D:5 [


Message History

You slash the orc!
You kill the orc!
You hit the ogre.
The ogre is lightly wounded.
You feel yourself speed up. The ogre hits you with a giant club!!
* * * LOW HITPOINT WARNING * * *
The orc priest hits you but does no damage.
You block the ogre's attack.
The orc priest shouts, "Join the one true god or die!"
You hit the orc priest but do no damage.
You hit the ogre.
The ogre is moderately wounded.
The orc priest looks braver for a moment.
You hit the ogre.
The ogre is heavily wounded.
You completely miss the orc priest. You block the ogre's attack.
The orc priest invokes the aid of Beogh against you.
Beogh smites you!
You die...

... .... . .... .....
#$...###..#.# .#
#...............
..........#.##.#
#.#.......#.##.#
#.........#.##.# ..
......##%.#.##.####...
......o@O(............(.
......##................
..... #....##.####...#.
.... #.##.##....#.....
#.# #.##.##....#.>.#. .
...........+.....
##.##.##....#...#.
................. .
#.............


You could see an ogre and an orc priest.

Vanquished Creatures
  A water moccasin (D:4)
  2 ice beasts
  2 scorpions
  2 howler monkeys (D:6)
  A hound (D:4)
  2 orc priests
  Crazy Yiuf (D:2)
  A giant frog skeleton (D:5)
  2 iguanas
  3 worker ants
  8 orc wizards
  A worker ant zombie (D:5)
  4 gnolls
  13 adders
  A river rat (D:4)
  2 oozes (D:1)
  An adder zombie (D:5)
  A worm (D:2)
  2 dart slugs (D:3)
  2 giant geckos (D:3)
  25 orcs
  A ball python (D:4)
  7 giant cockroaches
  8 goblins
  7 hobgoblins
  5 jackals
  A quokka (D:3)
  4 bats
  11 giant newts
  A jackal skeleton (D:5)
  4 kobolds
  10 rats
136 creatures vanquished.

Vanquished Creatures (others)
  A giant gecko (D:6)
  An orc (D:4)
2 creatures vanquished.

Grand Total: 138 creatures vanquished

Notes
Turn   | Place    | Note
--------------------------------------------------------------
     0 | D:1      | dearth the Hill Orc Fighter began the quest for the Orb.
     0 | D:1      | Reached XP level 1. HP: 19/19 MP: 1/1
   244 | D:1      | Reached skill level 3 in Axes
   265 | D:1      | Reached XP level 2. HP: 21/27 MP: 2/2
   540 | D:1      | Reached XP level 3. HP: 32/33 MP: 3/3
   788 | D:2      | Reached skill level 4 in Axes
   812 | D:2      | Reached XP level 4. HP: 20/40 MP: 4/4
  1058 | D:2      | Found a faded altar to an unknown god.
  1571 | D:2      | Noticed Crazy Yiuf
  1579 | D:2      | Killed Crazy Yiuf
  1579 | D:2      | Reached XP level 5. HP: 40/46 MP: 5/5
  1782 | D:3      | Reached skill level 5 in Axes
  1914 | D:3      | Reached XP level 6. HP: 24/53 MP: 6/6
  2182 | D:3      | Reached skill level 5 in Fighting
  2516 | D:4      | Reached skill level 6 in Axes
  2564 | D:4      | HP: 2/56 [poisoned by an orc wizard]
  2891 | D:4      | Found Piereo's Armour Boutique.
  3132 | D:4      | Bought a +0 pair of boots of flying for 161 gold pieces
  3223 | D:4      | Reached XP level 7. HP: 57/61 MP: 7/7
  3657 | D:4      | Reached skill level 7 in Axes
  3661 | D:4      | Reached skill level 5 in Shields
  3851 | D:5      | Entered Level 5 of the Dungeon
  3881 | D:5      | Reached skill level 5 in Armour
  4247 | D:5      | Found Lisse's Armour Shop.
  4310 | D:5      | Reached XP level 8. HP: 68/70 MP: 8/8
  4407 | D:5      | Reached skill level 8 in Axes
  5095 | D:7      | Killed from afar by an orc priest

Skill      XL: |  1  2  3  4  5  6  7  8 |
---------------+-------------------------+-----
Axes           | 3 4 5 6 7 8 |  8.8
Fighting       | 4 5 6 |  6.5
Armour         | 4 5 |  5.7
Shields        | 4 5 |  5.8

Action                   |  1- 3 |  4- 6 |  7- 9 || total
-------------------------+-------+-------+-------++-------
Melee: War axe           |    57 |   220 |   198 ||   475
  Use: Scroll            |       |     8 |       ||     8
  Eat: Chunk             |       |     6 |     3 ||     9
       Royal jelly       |       |     1 |       ||     1
       Fruit             |       |       |     4 ||     4
Armor: Scale mail        |    21 |   111 |    58 ||   190
Dodge: Dodged            |    15 |    68 |    44 ||   127
Block: Shield            |    28 |   115 |   114 ||   257
